 Dungeon Crawl Stone Soup version 0.28.0-53-g5a82cb258f (webtiles) character file.

Game seed: 10281909947134379947

2833 Zeld the Fighter (level 9, 0/127 HPs)
             Began as a Minotaur Berserker on May 23, 2022.
             Was a Priest of Trog.
             Killed from afar by a steam dragon (13 damage)
             ... with a ball of steam
             ... on level 7 of the Dungeon.
             The game lasted 00:05:59 (8665 turns).

Zeld the Fighter (Minotaur Berserker)               Turns: 8665, Time: 00:05:59

Health: 0/127      AC: 16    Str: 27    XL:     9   Next: 45%
Magic:  8/8        EV:  9    Int:  4    God:    Trog [***...]
Gold:   20         SH:  0    Dex:  9    Spells: 8/8 levels left

rFire   . . .      SeeInvis .   a - +0 war axe
rCold   . . .      Faith    .   (no shield)
rNeg    . . .      Spirit   .   e - +0 plate armour
rPois   .          Reflect  .   (helmet restricted)
rElec   .          Harm     .   (no cloak)
rCorr   .          Rampage  .   (no gloves)
Will    .....                   b - +2 pair of boots
Stlth   ..........              (no amulet)
HPRegen 0.31/turn               (no ring)
MPRegen 0.11/turn               (no ring)

@: berserking, very quick
A: horns 2, retaliatory headbutt
a: Renounce Religion, Berserk, Trog's Hand


You were on level 7 of the Dungeon.
You worshipped Trog.
Trog was most pleased with you.
You visited 2 branches of the dungeon, and saw 8 of its levels.

You collected 344 gold pieces.
You spent 324 gold pieces at shops.

Inventory:

Hand Weapons
 a - a +0 war axe (weapon)
Armour
 b - a +2 pair of boots (worn)
 e - a +0 plate armour (worn)
Jewellery
 k - a ring of protection from cold
Wands
 g - a wand of flame (2)
Scrolls
 h - a scroll of identify
 m - 2 scrolls of enchant weapon
 n - a scroll of brand weapon
 p - a scroll of blinking
 q - 2 scrolls of enchant armour
 r - 2 scrolls of fear
 t - 4 scrolls of teleportation
 u - a scroll of magic mapping
Potions
 c - 3 potions of ambrosia {unknown}
 d - a potion of flight {unknown}
 f - 2 potions of heal wounds {unknown}
 i - 2 potions of haste {unknown}
 l - 5 potions of curing {unknown}
 o - a potion of brilliance {unknown}
 s - a potion of degeneration {unknown}


   Skills:
 * Level 9.8 Fighting
 * Level 9.8 Axes
 + Level 6.7 Armour
 + Level 6.2 Dodging


You had 8 spell levels left.
You didn't know any spells.
Your spell library was empty.

Dungeon Overview and Level Annotations

Branches:
Dungeon (7/15)             Temple (1/1) D:4

Altars:
Ashenzari
Cheibriados
Dithmenos
Elyvilon
Fedhas
Gozag
Hepliaklqana
Kikubaaqudgha
Makhleb
Nemelex Xobeh
Okawaru
Qazlal
Ru
Sif Muna
Trog
Uskayaw
Vehumet
Wu Jian
Xom
Yredelemnul
Zin
The Shining One

Shops:
D:4 (*:**   D:6 (   D:7 ?


Innate Abilities, Weirdness & Mutations

You have a pair of horns on your head.
You reflexively headbutt those who attack you in melee.


Message History

The manticore is moderately wounded.
The manticore bites you but does no damage.
The manticore claws you!
The manticore claws you but does no damage.
The steam dragon breathes steam at you. The ball of steam hits you!
You slash the manticore!
The manticore is heavily wounded.
You are engulfed in a cloud of scalding steam.
The manticore closely misses you. The manticore barely misses you.
The manticore claws you.
Unknown command.
You slash the manticore!
The manticore is severely wounded.
You are engulfed in a cloud of scalding steam.
The manticore bites you!!
* * * LOW HITPOINT WARNING * * *
The manticore claws you!
* * * LOW HITPOINT WARNING * * *
The manticore closely misses you.
A red film seems to cover your vision as you go berserk!
You feel yourself moving faster!
You feel mighty!
You are engulfed in a cloud of scalding steam.
* * * LOW HITPOINT WARNING * * *
The manticore barely misses you. x2; The manticore claws you!
* * * LOW HITPOINT WARNING * * *
You hit the steam dragon.
The steam dragon is lightly wounded.
You completely miss the manticore.
Unknown command.
Unknown command.
You closely miss the steam dragon.
The steam dragon is lightly wounded.
You barely miss the manticore. The manticore bites you.
* * * LOW HITPOINT WARNING * * *
The manticore claws you but does no damage.
The manticore barely misses you. The steam dragon breathes steam at you.
The ball of steam hits you!
You die...

..##..##..##.########.######..###
..##..######.# #..###'######..##.
...'..# ........#.............
.(.#..# #........#.............
...#..# #...##..######......##.
...#..# #.. #..# #......##.
####..# #..##..##########..##.
#..# ##.HD..#...## #..##. ####
##..#@....#..## #..##.
#...##...##...###..##.
#....###.###....###+##.
#.###.##.##.###).#..##.
#..###.#.#.###.)....##.
##..####.####..##...##.
........⌠.....###......
.#..####.####..###..##.
..###l#.#.###..######.


You could see a manticore and a steam dragon (catching breath).

Vanquished Creatures
  A deep elf pyromancer (D:7)
  2 centaur zombies (D:6)
  A shadow (D:6)
  2 water moccasins
  An orc warrior (D:5)
  An ice beast (D:7)
  A sky beast (D:6)
  2 necrophages
  A black bear (D:4)
  An ogre (D:6)
  A bullfrog (D:7)
  A wyvern zombie (D:7)
  2 scorpions (D:7)
  A wyvern skeleton (D:7)
  An electric eel (D:6)
  2 hounds
  5 orc priests
  3 jellies
  A centaur skeleton (D:5)
  A bullfrog skeleton (D:4)
  7 orc wizards
  A howler monkey zombie (D:5)
  A howler monkey skeleton (D:5)
  6 adders
  2 ufetubi
  3 worms
  An adder skeleton (D:4)
  An adder zombie (D:5)
  2 dart slugs (D:2)
  27 orcs
  7 ball pythons
  3 endoplasms
  6 giant cockroaches
  6 goblins
  4 hobgoblins
  2 jackals (D:1)
  2 quokkas
  3 bats
  A frilled lizard (D:2)
  8 kobolds
  6 rats
130 creatures vanquished.

Vanquished Creatures (others)
  A plant (D:6)
1 creature vanquished.

Grand Total: 131 creatures vanquished

Notes
Turn   | Place    | Note
-------+----------+-------------------------------------------
     0 | D:1      | Zeld the Minotaur Berserker began the quest for the Orb.
     0 | D:1      | Reached XP level 1. HP: 19/19 MP: 0/0
   205 | D:1      | Reached XP level 2. HP: 26/27 MP: 1/1
   697 | D:1      | Found a faded altar of an unknown god.
   886 | D:2      | Reached ** piety under Trog
   888 | D:2      | Found a snail-covered altar of Cheibriados.
   893 | D:2      | Reached XP level 3. HP: 31/33 MP: 2/2
  1601 | D:3      | Reached XP level 4. HP: 37/41 MP: 3/3
  2435 | D:3      | Found a sparkling altar of Nemelex Xobeh.
  2435 | D:3      | Found an opulent altar of Gozag.
  2526 | D:4      | Found a staircase to the Ecumenical Temple.
  2563 | D:4      | Found Joocill's General Store.
  2585 | D:4      | Bought a scroll of identify for 26 gold pieces
  2585 | D:4      | Bought a scroll of identify for 26 gold pieces
  2585 | D:4      | Bought a scroll of blinking for 97 gold pieces
  2667 | D:4      | You fall into a shaft and drop 1 floor!
  2667 | D:5      | Entered Level 5 of the Dungeon
  2763 | D:4      | Found an ancient bone altar of Kikubaaqudgha.
  3056 | D:4      | Found Qacofi's General Store.
  3063 | D:4      | Bought a scroll of teleportation for 39 gold pieces
  3482 | D:4      | Reached skill level 5 in Fighting
  3482 | D:4      | Reached skill level 5 in Axes
  3482 | D:4      | Reached XP level 5. HP: 48/48 MP: 4/4
  3516 | Temple   | Entered the Ecumenical Temple
  3768 | D:4      | Found Fithuor's General Store.
  3817 | D:4      | Bought a scroll of identify for 22 gold pieces
  4068 | D:4      | Found Roaguus's Weapon Shoppe.
  4208 | D:4      | Found Tepnur's Book Emporium.
  4278 | D:5      | Reached XP level 6. HP: 43/56 MP: 5/5
  5067 | D:5      | Noticed an orc warrior
  5319 | D:5      | Reached *** piety under Trog
  5587 | D:5      | Reached XP level 7. HP: 29/63 MP: 6/6
  7106 | D:6      | Reached skill level 5 in Armour
  7106 | D:6      | Reached XP level 8. HP: 71/73 MP: 7/7
  7130 | D:6      | Found a shadowy altar of Dithmenos.
  7130 | D:6      | Found a shimmering blue altar of Sif Muna.
  7145 | D:6      | Reached skill level 5 in Dodging
  7367 | D:6      | Found an iron altar of Okawaru.
  7396 | D:6      | Found Iriug's Antique Weapon Boutique.
  7682 | D:6      | Found a stormy altar of Qazlal.
  8018 | D:7      | Reached XP level 9. HP: 83/83 MP: 8/8
  8229 | D:7      | Found a hide-covered altar of Uskayaw.
  8461 | D:7      | Found Amoify's Magic Scroll Shop.
  8469 | D:7      | Bought a scroll of enchant weapon for 90 gold pieces
  8469 | D:7      | Bought a scroll of identify for 24 gold pieces
  8483 | D:7      | Noticed a deep elf pyromancer
  8496 | D:7      | Killed a deep elf pyromancer
  8643 | D:7      | Noticed a manticore
  8665 | D:7      | Killed from afar by a steam dragon

Illustrated notes

Levels and vault maps discovered:
D:1:      saegor_arrival_simple_d, layout_rooms,
          nicolae_ecumenical_snake_handling
D:2:      layout_basic, basic_altar
D:3:      layout_loops_corners, grunt_temple_overflow_opulence
D:4:      layout_basic, mainiacjoe_overflow_paths, temple_pool_b, serial_shops,
          shop_fountains, shop_coins, shop, shop_fountains,
          nicolae_shop_statue_plus
D:5:      layout_rooms
D:6:      layout_cave_pools, nicolae_qazlal_eye_of_the_storm,
          gammafunk_temple_overflow_forgotten, serial_column_ruins,
          column_ruins_columns_T, column_ruins_columns_dead_end,
          column_ruins_open_medium_water, kennysheep_small_circle
D:7:      layout_gridville, nicolae_uskayaw_dance_hall, serial_shops,
          shop_scrolls, kb_rosetta
Temple:   zaba_magenta_temple

Skill      XL: |  1  2  3  4  5  6  7  8  9 |
---------------+----------------------------+-----
Fighting       | 4 5 6 7 9 |  9.8
Axes           | 4 5 6 7 8 9 |  9.8
Armour         | 3 4 5 6 |  6.7
Dodging        | 3 4 5 6 |  6.2

Action                   |  1- 3 |  4- 6 |  7- 9 || total
-------------------------+-------+-------+-------++-------
Melee: Hand axe          |    82 |    35 |       ||   117
       Headbutt          |    12 |    15 |    29 ||    56
       Punch             |     2 |     1 |     4 ||     7
       War axe           |       |    76 |   162 ||   238
Invok: Berserk           |       |       |     2 ||     2
  Use: Scroll            |       |     6 |     2 ||     8
 Stab: Sleeping          |     1 |       |       ||     1
Armor: Animal skin       |    10 |    13 |       ||    23
       Plate armour      |       |       |   115 ||   115
Dodge: Dodged            |    55 |    88 |    55 ||   198
